[Event "*** SCC Grand Prix: Titled Tuesday Blitz"]
[Site "Chess.com"]
[Date "2020.07.07"]
[Round "8"]
[White "MashaFromRussia"]
[Black "AliKa2810"]
[Result "0-1"]
[WhiteElo "2445"]
[BlackElo "2589"]
[TimeControl "180+1"]
[EndTime "11:35:28 PDT"]
[Termination "AliKa2810 won by resignation"]

1. d4 Nf6 2. c4 g6 3. Nf3 Bg7 4.
g3 O-O 5. Bg2 d6 6. O-O Nc6 7. Nc3 Bf5 8. d5 Na5 9. Nd4 Bd7 10. Qd3 c5 11. Nc2 a6 12. Rb1 Rb8 13. Bd2 b5 14. b3 Qc7 15. e4 bxc4 16. bxc4 Ng4 17. f4 f5 18. h3 Nh6 19. Rfe1 fxe4 20.
Nxe4 Nf5 21. Kh2 h6 22. Nf2 Kh7 23. Be4 e6 24. g4 Rxb1 25. Rxb1 exd5 26. Bxd5 Nd4 27.
Nxd4 Bxd4 28. Ne4 Nc6 29. Rf1 Ne7 30. Bc3 Nxd5 31. cxd5 Bb5 0-1

[Event "*** SCC Grand Prix: Titled Tuesday Blitz"]
[Site "Chess.com"]
[Date "2020.07.07"]
[Round "8"]
[White "tk22h"]
[Black "djano"]
[Result "0-1"]
[WhiteElo "2291"]
[BlackElo "2464"]
[TimeControl "180+1"]
[EndTime "11:35:28 PDT"]
[Termination "djano won by resignation"]

1. c4 e5 2. Nc3 Nc6 3. Nf3 Nf6 4. g3 g6 5. Bg2 Bg7 6. O-O O-O 7. d4 d6 8. dxe5 dxe5 9. Qxd8 Rxd8 10. Bg5 Be6 11. b3 h6 12. Bxf6 Bxf6 13. Rad1 Nd4 14. e3 Nxf3+ 15.
Bxf3 c6 16. Rxd8+ Rxd8 17. Rd1 Kf8 18. Rxd8+ Bxd8 19. e4 Ke7 20. Kf1 Kd6 21. Ke2 Kc5 22. Kd3 Kb4 23. Nb1 a5 24. Bd1 f5 25. f3 b5 26. a3+ Kc5 27. cxb5 Kxb5 28. Nd2 Kc5 29. Kc3 Bf6 30. b4+ axb4+ 31. axb4+ Kd6 32. Bb3 Bc8 33. Bf7 g5 34. exf5 e4+ 35. Kc2 exf3 36. Ne4+ Ke7 37. Be6 Bxe6 38. fxe6 Kxe6 39. Kd3 g4 40. Nf2 h5 41.
Ke4 Bd8 42. h3 Bb6 43. hxg4 Bxf2 44. Kxf3 Be1 45. gxh5 Bxb4 46. g4 Kf6 47. Kf4 Bd6+ 48. Ke4 Kg5 0-1

[Event "*** SCC Grand Prix: Titled Tuesday Blitz"]
[Site "Chess.com"]
[Date "2020.07.07"]
[Round "8"]
[White "secretsuperstar7"]
[Black "Stosk"]
[Result "1-0"]
[WhiteElo "2149"]
[BlackElo "2337"]
[TimeControl "180+1"]
[EndTime "11:35:29 PDT"]
[Termination "secretsuperstar7 won by resignation"]

1. d4 d5 2. c4 e6 3. Nc3 a6 4. Bf4 dxc4 5. a4 Nc6 6. e3 Na5 7. Nf3 Nf6 8. Ne5 c5 9. Nxc4 cxd4 10. exd4 Bb4 11. Be2 O-O 12. O-O Bxc3 13. bxc3 Nd5 14. Bd2 Nc6 15. Nb2 Nf6 16. Bg5 Bd7 17. Nc4 b5 18.
axb5 axb5 19. Nd2 Rxa1 20. Qxa1 b4 21. cxb4 Nxb4 22. Bf3 Bb5 23. Rb1 Nc2 24. Qa5 Nxd4 25. Rxb5 Nxb5 26. Qxb5 h6 27. Be3 Qc7 28. g3 Qc1+ 29.
Kg2 Rd8 30. Ne4 Qa1 31. Qb6 Re8 32. Bd4 Qa4 33. Bxf6 gxf6 34. Nxf6+ 1-0

[Event "*** SCC Grand Prix: Titled Tuesday Blitz"]
[Site "Chess.com"]
[Date "2020.07.07"]
[Round "8"]
[White "KyrgyzFighter"]
[Black "FedaMaster"]
[Result "0-1"]
[WhiteElo "2314"]
[BlackElo "2438"]
[TimeControl "180+1"]
[EndTime "11:35:30 PDT"]
[Termination "FedaMaster won by checkmate"]

1. c4 c5 2. Nf3 Nc6 3. d4 cxd4 4. Nxd4 g6 5. g3 Bg7 6. Nc2 Qb6 7. Nd2 h5 8. h4 Nh6 9. Bg2 Nf5 10. e4 Nfd4 11.
Ne3 d6 12. O-O Ne5 13. Rb1 a5 14. b3 a4 15. Bb2 a3 16. Nd5 axb2 17. Nxb6 Bg4 18. f3 Rxa2 19. fxg4 Nxg4 20. Qe1 Nc2 21. Qe2 Bd4+ 22. Kh1 Bxb6 23. c5 Bxc5 24. Qc4 Nce3 25. Qxf7+ Kd8 26. Qg7 Rf8 27. Rxf8+ Kd7 28. Rf7 d5 29. exd5 Nf5 30. Qxg6 Nxg3# 0-1

[Event "*** SCC Grand Prix: Titled Tuesday Blitz"]
[Site "Chess.com"]
[Date "2020.07.07"]
[Round "8"]
[White "KingCrusher275"]
[Black "Hippotaner"]
[Result "1-0"]
[WhiteElo "2432"]
[BlackElo "2307"]
[TimeControl "180+1"]
[EndTime "11:35:30 PDT"]
[Termination "KingCrusher275 won by resignation"]

1. d4 Nf6 2. c4 e6 3. Nc3 Bb4 4. Qc2 O-O 5. a3 Bxc3+ 6. Qxc3 b6 7. Bg5 Bb7 8. f3 h6 9. Bh4 d6 10. e3 Nbd7 11. Bd3 c5 12. Ne2 e5 13. d5 Re8 14.
O-O Nf8 15. Qc2 Qe7 16. Nc3 a6 17. Ne4 g5 18. Nxf6+ Qxf6 19. Be1 Bc8 20. Bc3 Ng6 21.
Rae1 Rb8 22. f4 gxf4 23. exf4 Nxf4 24. Re4 Qg5 25. Rfxf4 f5 26. h4 Qg6 27. Rg4 fxg4 28.
Rxe5 Qf7 29. Bg6 dxe5 30. Bxf7+ Kxf7 31. Qh7+ Kf6 32. Qxh6+ Kf7 33. Qh7+ Kf6 34. Bd2 e4 35. Bg5+ Ke5 36. Qg7+ Kd6 37. Bf4+ 1-0

[Event "*** SCC Grand Prix: Titled Tuesday Blitz"]
[Site "Chess.com"]
[Date "2020.07.07"]
[Round "8"]
[White "Konavets"]
[Black "124chess"]
[Result "1-0"]
[WhiteElo "2951"]
[BlackElo "2697"]
[TimeControl "180+1"]
[EndTime "11:35:32 PDT"]
[Termination "Konavets won by resignation"]

1. d4 Nf6 2. c4 e6 3. Nf3 d5 4. Nc3 Bb4 5. cxd5 exd5 6. Bg5 Nbd7 7. e3 h6 8. Bh4 g5 9. Bg3 Ne4 10. Nd2 Nxg3 11. hxg3 c6 12. Bd3 Kf8 13. Qc2 Kg7 14. O-O-O Nf6 15. Kb1 Re8 16. Nb3 a5 17. Nc1 Be6 18.
f3 c5 19. dxc5 Bxc5 20. Rhe1 Rc8 21. Bb5 Re7 22. Qd3 Bb4 23. N1e2 Qd6 24. a3 Bxc3 25. Nxc3 Qxg3 26. Qd4 Bf5+ 27. e4 Rxc3 28. Qxc3 dxe4 29.
Ka1 Qe5 30. Qxa5 e3 31. Qb4 Nd5 32. Rxd5 Qxd5 33. Qxe7 Be6 34. Kb1 Qxb5 35. Qb4 Qd3+ 36. Kc1 Bc4 37. Qc3+ Qxc3+ 38. bxc3 e2 39. Kd2 Kf6 40.
Rb1 b5 41. Rb4 Bd3 42. Rd4 Bc4 43. a4 Ke5 44. a5 Bd5 45. Kxe2 1-0

[Event "*** SCC Grand Prix: Titled Tuesday Blitz"]
[Site "Chess.com"]
[Date "2020.07.07"]
[Round "8"]
[White "Semen_Khanin"]
[Black "binbin239"]
[Result "1-0"]
[WhiteElo "2718"]
[BlackElo "2530"]
[TimeControl "180+1"]
[EndTime "11:35:35 PDT"]
[Termination "Semen_Khanin won by checkmate"]

1. e4 c5 2. Nf3 Nc6 3. d4 cxd4 4. Nxd4 g6 5. Nc3 Bg7 6. Be3 Nf6 7. Bc4 Qa5 8. O-O d6 9. h3 O-O 10. Bb3 Bd7 11. Qd3 Ne5 12. Qe2 Rfc8 13. f4 Nc6 14.
Rad1 Nh5 15. Qf2 Be8 16. Nde2 Nf6 17. g4 b5 18. Ng3 b4 19. Nce2 Qb5 20. g5 Nd7 21. Nd4 Nxd4 22. Bxd4 e5 23. fxe5 Nxe5 24. Ne2 Nc4 25. h4 Ne5 26. Nf4 a5 27. Nd5 Kh8 28. Nf6 a4 29. Bd5 Bc6 30. Bxf7 Nxf7 31. Nxh7 Ne5 32.
Nf6 Rf8 33. h5 Ng4 34. Qh4 Bxf6 35. hxg6+ Kg8 36. Qh7# 1-0

[Event "*** SCC Grand Prix: Titled Tuesday Blitz"]
[Site "Chess.com"]
[Date "2020.07.07"]
[Round "8"]
[White "AccioChess"]
[Black "BakaPG"]
[Result "0-1"]
[WhiteElo "2488"]
[BlackElo "2655"]
[TimeControl "180+1"]
[EndTime "11:35:35 PDT"]
[Termination "BakaPG won on time"]

1. e4 e6 2. d4 d5 3. Nd2 a6 4.
Ngf3 Nf6 5. Bd3 c5 6. dxc5 Bxc5 7. O-O Nc6 8. Qe2 O-O 9. c3 b5 10. e5 Nd7 11. Nb3 Be7 12. Bf4 Re8 13. Rfe1 Nf8 14. Bg3 Bd7 15. h4 Qb6 16. a3 Rec8 17. Nbd4 Na5 18.
Rad1 Nc4 19. h5 h6 20. Bb1 a5 21. Nc2 Nxb2 22. Rd4 Rxc3 23. Ne3 Nc4 24. Rxd5 Rxe3 25. fxe3 exd5 26. Qd3 Bg4 27. Nd4 Rd8 28. Rf1 Bc5 29. Kh2 Bxh5 30. Nf5 Bg6 31. Bh4 Re8 32. Qe2 Nxe3 33.
Nxe3 Bxe3 0-1

[Event "*** SCC Grand Prix: Titled Tuesday Blitz"]
[Site "Chess.com"]
[Date "2020.07.07"]
[Round "8"]
[White "Onegust"]
[Black "Lion-Al-Messi"]
[Result "1-0"]
[WhiteElo "2605"]
[BlackElo "2448"]
[TimeControl "180+1"]
[EndTime "11:35:35 PDT"]
[Termination "Onegust won by resignation"]

1. e4 e6 2. d4 d5 3. Bd3 dxe4 4.
Bxe4 Nf6 5. Bf3 Be7 6. Ne2 O-O 7. Nbc3 Nbd7 8. Be3 Re8 9. Qd2 c6 10. O-O-O a5 11.
g4 a4 12. Kb1 a3 13. b3 Nd5 14. Nxd5 exd5 15. h4 Nf6 16. g5 Ne4 17. Bxe4 dxe4 18.
Rdg1 Qd5 19. Nc3 Qf5 20. Ne2 Qd5 21. Nf4 Qa5 22. c3 Bf5 23. h5 b5 24. h6 g6 25.
d5 c5 26. d6 Rad8 27. Nd5 Bxd6 28. Nf6+ Kf8 29. Nxh7+ Ke7 30. Nf6 Be5 31. Bxc5+ Ke6 32. Qe3 Qxc3 33. Qxc3 Bxc3 34. Be3 Rd2 35. Nxe8 Rb2+ 36.
Kc1 Rxa2 37. Nc7+ Kd7 38. Nxb5 Ra1+ 39. Kc2 1-0

[Event "*** SCC Grand Prix: Titled Tuesday Blitz"]
[Site "Chess.com"]
[Date "2020.07.07"]
[Round "8"]
[White "EnergeticHay"]
[Black "Margarita2907"]
[Result "1/2-1/2"]
[WhiteElo "2243"]
[BlackElo "2100"]
[TimeControl "180+1"]
[EndTime "11:35:37 PDT"]
[Termination "Game drawn by repetition"]

1. e4 c5 2. Nf3 d6 3. d4 cxd4 4. Nxd4 Nf6 5. Nc3 a6 6. h3 e5 7. Nde2 h5 8. g3 b5 9. Bg2 Bb7 10. Nd5 Nxd5 11. exd5 Nd7 12. O-O Be7 13. a4 h4 14. g4 Bg5 15. axb5 axb5 16. Rxa8 Bxa8 17. Qd3 Bxc1 18. Rxc1 Qb6 19. Nc3 b4 20. Ne4 Nc5 21.
Nxc5 Qxc5 22. c4 O-O 23. b3 Bb7 24. Qf5 Qd4 25. Qd7 Bc8 26. Qxd6 Qb2 27. Re1 Qxb3 28. c5 Qc3 29. Rb1 b3 30. Qb6 f5 31. gxf5 Bxf5 32. Rxb3 Qc1+ 33. Kh2 Qf4+ 34. Kg1 Qc1+ 35. Bf1 Bc2 36.
Qe6+ Kh8 37. Re3 Rf6 38. Qe8+ Kh7 39. Qh5+ Rh6 40. Qe2 Rg6+ 41. Kh2 Bd1 42. Qc4 Qd2 43. Be2 Bxe2 44. Rxe2 Qd1 45. Qxh4+ Kg8 46. Qd8+ Kh7 47. Qh4+ Kg8 48. Qd8+ Kh7 49. Qh4+ 1/2-1/2

[Event "*** SCC Grand Prix: Titled Tuesday Blitz"]
[Site "Chess.com"]
[Date "2020.07.07"]
[Round "8"]
[White "Parkas"]
[Black "Artyom_ChessMate"]
[Result "1-0"]
[WhiteElo "2356"]
[BlackElo "2486"]
[TimeControl "180+1"]
[EndTime "11:35:38 PDT"]
[Termination "Parkas won by checkmate"]

1. d4 d5 2. Nc3 Nf6 3. Bf4 g6 4. e3 Bg7 5. h4 h5 6. Nf3 c6 7. Ne5 Bf5 8. Bd3 Bxd3 9. Qxd3 Nbd7 10. O-O-O Nxe5 11. Bxe5 Qd7 12. f3 O-O-O 13. Kb1 Ne8 14. Bg3 Nd6 15. Ne2 Rhe8 16. Rhe1 Nf5 17. Bf2 e5 18. dxe5 Rxe5 19. Qa3 b6 20. e4 Ne7 21.
Bg3 Re6 22. Nf4 Rd6 23. exd5 Nxd5 24. Nxd5 Rxd5 25. Rxd5 cxd5 26. Re7 Re8 27. Qa6+ Kd8 28. Rxd7+ Kxd7 29. Qb7+ Ke6 30. Qc6+ Ke7 31. Bd6+ Kd8 32. Qc7# 1-0

[Event "*** SCC Grand Prix: Titled Tuesday Blitz"]
[Site "Chess.com"]
[Date "2020.07.07"]
[Round "8"]
[White "PawnEatingZombie"]
[Black "Irishchessman16"]
[Result "0-1"]
[WhiteElo "2191"]
[BlackElo "2409"]
[TimeControl "180+1"]
[EndTime "11:35:38 PDT"]
[Termination "Irishchessman16 won by resignation"]

1. d4 f5 2. Nc3 d5 3. Bf4 Nf6 4. Nb5 Na6 5. c4 c6 6. Nc3 e6 7.
e3 Be7 8. Nf3 O-O 9. Bd3 Nb4 10.
Be2 Ne4 11. O-O a5 12. a3 Na6 13. Rc1 Nc7 14. h3 Ne8 15. Ne5 g5 16. Bh2 N8d6 17.
f3 Nxc3 18. Rxc3 f4 19. Qd2 fxe3 20. Qxe3 Nf5 21. Qd2 c5 22. dxc5 Bxc5+ 23. Kh1 d4 24. Rcc1 Ne3 25. Rfe1 a4 26. Bd3 Qf6 27. Ng4 Qe7 28.
Be5 Rf5 29. Nh6+ Kf8 30. Nxf5 exf5 31. Rxe3 dxe3 32. Qc3 Bd7 33. f4 g4 34. Kh2 Kf7 35.
Re1 gxh3 36. gxh3 Qh4 37. Qc2 Qxe1 38. Qg2 Qf2 0-1

[Event "*** SCC Grand Prix: Titled Tuesday Blitz"]
[Site "Chess.com"]
[Date "2020.07.07"]
[Round "8"]
[White "NewBornNow"]
[Black "BilodeauA"]
[Result "1-0"]
[WhiteElo "2694"]
[BlackElo "2836"]
[TimeControl "180+1"]
[EndTime "11:35:40 PDT"]
[Termination "NewBornNow won by resignation"]

1. e4 e5 2. Nf3 Nc6 3. Bb5 a6 4. Ba4 d6 5. O-O Bd7 6. c3 Nge7 7. d4 Ng6 8. d5 Nb8 9. c4 Be7 10. Nc3 O-O 11. Be3 Bc8 12. Bc2 a5 13. a3 Nh4 14.
Nxh4 Bxh4 15. Qd2 h6 16. b4 Bg5 17. Bxg5 hxg5 18. Qe3 Nd7 19. c5 Re8 20. Nb5 Nf8 21. Rfc1 Ng6 22. Bd3 axb4 23. axb4 Rxa1 24. Rxa1 Nf4 25.
Bf1 Bd7 26. cxd6 Bxb5 27. Bxb5 Rf8 28. d7 Qf6 29. g3 Ng6 30. Rc1 Ra8 31. Rxc7 Kh7 32.
Rc8 Ra1+ 33. Kg2 Nf4+ 34. gxf4 gxf4 35. Qh3+ Kg6 36. Qf5+ 1-0

[Event "*** SCC Grand Prix: Titled Tuesday Blitz"]
[Site "Chess.com"]
[Date "2020.07.07"]
[Round "8"]
[White "TigranMukhutdinov"]
[Black "carlesdc96"]
[Result "0-1"]
[WhiteElo "2534"]
[BlackElo "2719"]
[TimeControl "180+1"]
[EndTime "11:35:41 PDT"]
[Termination "carlesdc96 won by resignation"]

1. Nf3 Nf6 2. g3 b5 3. Na3 a6 4. c4 e6 5. b3 Bb7 6. Bg2 bxc4 7. Nxc4 c5 8. O-O Be7 9. Ba3 O-O 10. d4 cxd4 11.
Bxe7 Qxe7 12. Qxd4 d5 13. Na5 Nc6 14. Nxc6 Bxc6 15.
Rfc1 Bb5 16. e3 Qa3 17. Ne5 Rac8 18. Qd2 h6 19. Rc3 Qd6 20. f4 Rxc3 21. Qxc3 Ne4 22. Qd4 f5 23. a4 Bd7 24. Bxe4 fxe4 25. Rc1 Rb8 26. Qc5 Qxc5 27. Rxc5 Be8 28. Rc3 Kf8 29. Kf2 Ke7 30. Ke2 Kd6 31. Kd2 g5 32. Kc2 a5 33.
Kb2 Bxa4 34. Nf7+ Ke7 35. Nxh6 gxf4 36. gxf4 Bd7 37. Ka3 e5 38. fxe5 Rh8 39. e6 Bxe6 40.
Rc7+ Kf6 0-1

[Event "*** SCC Grand Prix: Titled Tuesday Blitz"]
[Site "Chess.com"]
[Date "2020.07.07"]
[Round "8"]
[White "Karacsonyi_Gellert"]
[Black "VALPARAISO37"]
[Result "0-1"]
[WhiteElo "2456"]
[BlackElo "2316"]
[TimeControl "180+1"]
[EndTime "11:35:41 PDT"]
[Termination "VALPARAISO37 won by resignation"]

1. e4 e5 2. Nf3 Nc6 3. Bb5 a6 4. Bxc6 dxc6 5. O-O Bd6 6. d4 exd4 7. Qxd4 f6 8. Be3 Ne7 9. Nbd2 Be6 10. Rfd1 Ng6 11.
Nc4 Bxc4 12. Qxc4 Qe7 13. b4 Qf7 14. Qxf7+ Kxf7 15. Bc5 Rhd8 16. Bxd6 Rxd6 17. Rxd6 cxd6 18. Nd2 Rd8 19. Rd1 Ke7 20. c4 d5 21. exd5 cxd5 22.
c5 Ne5 23. Nb3 Nc6 24. a3 d4 25. f3 Ke6 26. Kf2 Kd5 27. h4 Kc4 28. Nd2+ Kc3 29. Ne4+ Kb2 30. Nd6 b5 31. Rd3 Kc2 32. Ke2 Rd7 33. Rd2+ Kc3 34. Ne4+ Kc4 35. Nd6+ Kd5 36.
Kd3 Re7 37. Nf5 Re5 38. g4 g6 39. Nd6 Re3+ 40. Kc2 Rxa3 41. Ne8 Nxb4+ 42. Kb1 Rxf3 43. Nc7+ Kxc5 44. Ne6+ Kc4 45. Nxd4 Rf1+ 46. Kb2 Nd3+ 0-1

[Event "*** SCC Grand Prix: Titled Tuesday Blitz"]
[Site "Chess.com"]
[Date "2020.07.07"]
[Round "8"]
[White "Gandrade2"]
[Black "JoliyRoger"]
[Result "0-1"]
[WhiteElo "2115"]
[BlackElo "2256"]
[TimeControl "180+1"]
[EndTime "11:35:41 PDT"]
[Termination "JoliyRoger won by resignation"]

1. d4 Nf6 2. c4 e6 3. Nc3 Bb4 4. f3 c5 5. d5 d6 6. e4 e5 7. Bd3 Nbd7 8. Ne2 Nf8 9. O-O Ng6 10. Be3 Bd7 11. Bc2 a6 12. a4 Rb8 13. Bd3 Bxc3 14. Nxc3 Nf4 15. Qd2 g5 16. g3 Nxd3 17. Qxd3 h6 18.
f4 gxf4 19. gxf4 Ng4 20. f5 Qh4 21. Qe2 Rg8 22. Kh1 Nxe3 23. Qxe3 Rg5 24. Rg1 Ke7 25. Rg3 f6 26. Rag1 Rbg8 27. Ne2 b5 28. axb5 axb5 29. Rxg5 Rxg5 30. Rxg5 hxg5 31. cxb5 Qe1+ 32. Kg2 Bxb5 33. Nc3 Qxe3 0-1

[Event "*** SCC Grand Prix: Titled Tuesday Blitz"]
[Site "Chess.com"]
[Date "2020.07.07"]
[Round "8"]
[White "Oneofmyturns"]
[Black "ShapkinAnatoliy"]
[Result "0-1"]
[WhiteElo "2708"]
[BlackElo "2604"]
[TimeControl "180+1"]
[EndTime "11:35:42 PDT"]
[Termination "ShapkinAnatoliy won by resignation"]

1. d4 Nf6 2. c4 g6 3. Nc3 d5 4.
cxd5 Nxd5 5. e4 Nxc3 6. bxc3 Bg7 7. Be3 c5 8. Rc1 Qa5 9. Qd2 O-O 10. Nf3 Rd8 11.
d5 e6 12. Bg5 f6 13. Be3 exd5 14. exd5 Nc6 15. c4 Nb4 16. Be2 b6 17. O-O Qxa2 18.
Qd1 Bf5 19. Nh4 Bc2 20. Qd2 Bb3 21. Qe1 Nc2 22. Qc3 f5 23. Qd3 Nb4 24. Qb1 Qxe2 25. Qxb3 a5 26. Qa4 f4 27. Bxf4 Qg4 28. Bg3 Qd7 29.
Qa3 a4 30. Nf3 Re8 31. h3 Qf5 32. Rfd1 Re2 33. d6 Bb2 0-1

[Event "*** SCC Grand Prix: Titled Tuesday Blitz"]
[Site "Chess.com"]
[Date "2020.07.07"]
[Round "8"]
[White "cassoulet"]
[Black "GGfrances"]
[Result "1-0"]
[WhiteElo "2648"]
[BlackElo "2356"]
[TimeControl "180+1"]
[EndTime "11:35:43 PDT"]
[Termination "cassoulet won by resignation"]

1. e4 c5 2. Nc3 Nc6 3. g3 g6 4.
Bg2 Bg7 5. d3 h5 6. Be3 d6 7. Nf3 Bg4 8. h3 Bd7 9. d4 cxd4 10.
Nxd4 Nf6 11. O-O Qc8 12. Kh2 Ne5 13. Nd5 h4 14. g4 Nxd5 15. exd5 Nc4 16. b3 Nxe3 17.
fxe3 Be5+ 18. Kh1 Qc5 19. c4 a6 20. Rc1 Qa3 21. Qe2 b5 22. Nf3 Bg7 23. Qf2 Rc8 24.
Ng5 Bf6 25. Ne4 Qb2 26. Nxf6+ Qxf6 27. Qxf6 exf6 28. Rxf6 Ke7 29. Rf4 bxc4 30. bxc4 f5 31. gxf5 gxf5 32. e4 fxe4 33. Rxe4+ Kd8 34. Rf1 Re8 35.
Rxh4 Kc7 36. Rf7 Re1+ 37. Kh2 Re2 38. Rhh7 Rd8 39. h4 Rxa2 40. h5 Kc8 41. h6 Bg4 42. Rhg7 Bh5 43. Ra7 Kb8 44. h7 Bf3 45.
Rab7+ Ka8 46. Rbf7 Bxg2 47. Rxg2 Rxg2+ 48. Kxg2 Rh8 49.
Rg7 1-0

[Event "*** SCC Grand Prix: Titled Tuesday Blitz"]
[Site "Chess.com"]
[Date "2020.07.07"]
[Round "8"]
[White "awesomevishesh"]
[Black "EfM13"]
[Result "1-0"]
[WhiteElo "2377"]
[BlackElo "2207"]
[TimeControl "180+1"]
[EndTime "11:35:43 PDT"]
[Termination "awesomevishesh won by resignation"]

1. d4 d6 2. Nf3 Nf6 3. c4 g6 4. g3 Bg7 5. Bg2 Bf5 6. O-O O-O 7. Ng5 Qc8 8. e4 Bg4 9. f3 Bd7 10. e5 dxe5 11. dxe5 Ne8 12. f4 h6 13. Ne4 c6 14.
Nbc3 Bh3 15. Be3 Na6 16. Bxh3 Qxh3 17. Qb3 Nec7 18. Rad1 Qe6 19. Rd2 b5 20. cxb5 Qxb3 21. axb3 cxb5 22. Ra1 e6 23. Nxb5 Nxb5 24. Rxa6 Rac8 25.
Ra5 Nc7 26. Rxa7 Nd5 27. Bc5 Rfd8 28. b4 g5 29. Nd6 Rc7 30. Rxc7 Nxc7 31. Bb6 Rd7 32.
Bxc7 Rxc7 33. b5 gxf4 34. gxf4 f6 35. b6 Rc1+ 36. Kg2 Rc6 37. b7 Rb6 38. Rc2 Bf8 39. Rc8 Rxb2+ 40. Kf3 Rb3+ 41. Ke2 Rb2+ 42. Kd3 Rb3+ 43.
Kc2 1-0

[Event "*** SCC Grand Prix: Titled Tuesday Blitz"]
[Site "Chess.com"]
[Date "2020.07.07"]
[Round "8"]
[White "novendrapriasmoro"]
[Black "Crazy_girl99"]
[Result "1-0"]
[WhiteElo "2656"]
[BlackElo "2460"]
[TimeControl "180+1"]
[EndTime "11:35:45 PDT"]
[Termination "novendrapriasmoro won by checkmate"]

1. e4 e5 2. Nf3 Nc6 3. Bb5 a6 4.
Bxc6 dxc6 5. O-O f6 6. d4 exd4 7. Nxd4 Bd6 8. Nc3 Ne7 9. Be3 O-O 10. Qe2 c5 11. Nb3 b6 12. Rad1 Be6 13. f4 Qc8 14. Nd2 Nc6 15. Nf3 Re8 16. Qf2 Bg4 17. h3 Bh5 18.
Rfe1 Qe6 19. g4 Bf7 20. e5 fxe5 21. f5 Qd7 22. Ne4 Nd4 23. c3 Nxf3+ 24. Qxf3 Rad8 25.
b3 Rf8 26. c4 Rde8 27. Rd2 Qc8 28. Red1 Be7 29. Bg5 h6 30. Bxe7 Rxe7 31. f6 Re6 32.
fxg7 Kxg7 33. Ng3 Bg6 34. Rd7+ Kg8 35. Qe3 Be8 36. Rd8 Qb7 37. Nf5 Kh7 38. R1d5 Qc6 39. Rxe5 Rxe5 40. Qxe5 Rg8 41. Qe7+ Kh8 42. Rxe8 Qxe8 43.
Qf6+ Kh7 44. Qxh6# 1-0

[Event "*** SCC Grand Prix: Titled Tuesday Blitz"]
[Site "Chess.com"]
[Date "2020.07.07"]
[Round "8"]
[White "AlexOstrovskiy"]
[Black "SiddharthGMJagadeesh"]
[Result "1-0"]
[WhiteElo "2646"]
[BlackElo "2431"]
[TimeControl "180+1"]
[EndTime "11:35:45 PDT"]
[Termination "AlexOstrovskiy won by resignation"]

1. d4 Nf6 2. Bf4 c5 3. e3 Nd5 4. Bg3 Qb6 5. dxc5 Qxb2 6. Qxd5 Qxa1 7. Qb3 g6 8. Bc4 Qf6 9. Nf3 Nc6 10. Nc3 Bg7 11.
Nd5 Qa1+ 12. Ke2 Qxh1 13. Nc7+ Kf8 14. Nxa8 Na5 15. Qa4 Nxc4 16. Qxc4 Qa1 17. Nd4 Bxd4 18. exd4 Qc1 19. Nc7 Qg5 20. Nd5 Kg7 21. Ne3 b6 22. d5 bxc5 23. Qxc5 Ba6+ 24. c4 Rc8 25. Qd4+ Kg8 26.
h4 Qh5+ 27. f3 d6 28. Kf2 Qh6 29. Qxa7 Bxc4 30. Qxe7 Qg7 31. Bxd6 Bb5 32. Be5 Qf8 33. Qf6 Rc2+ 1-0

[Event "*** SCC Grand Prix: Titled Tuesday Blitz"]
[Site "Chess.com"]
[Date "2020.07.07"]
[Round "8"]
[White "bugsbunny444"]
[Black "ajdemipopushi"]
[Result "0-1"]
[WhiteElo "2477"]
[BlackElo "2372"]
[TimeControl "180+1"]
[EndTime "11:35:45 PDT"]
[Termination "ajdemipopushi won on time"]

1. Nf3 c5 2. c4 g6 3. d4 cxd4 4. Nxd4 Bg7 5. e4 Nc6 6. Be3 Nf6 7. Nc3 Nxd4 8. Bxd4 Qa5 9. f3 d6 10. Be2 Be6 11. O-O O-O 12. Qa4 Qxa4 13. Nxa4 Rfc8 14.
Rac1 Nd7 15. Bxg7 Kxg7 16. f4 f6 17. b3 a6 18. Nc3 Rab8 19. Rfe1 Rc7 20. Bf1 Rbc8 21.
Nd5 Bxd5 22. exd5 Kf7 23. Rc3 f5 24. Rce3 Nf6 25. Bd3 Rb8 26. a4 Re8 27. h3 h5 0-1

[Event "*** SCC Grand Prix: Titled Tuesday Blitz"]
[Site "Chess.com"]
[Date "2020.07.07"]
[Round "8"]
[White "GMNickPert"]
[Black "Tsyhanchuk_Stanislav"]
[Result "1-0"]
[WhiteElo "2651"]
[BlackElo "2433"]
[TimeControl "180+1"]
[EndTime "11:35:47 PDT"]
[Termination "GMNickPert won on time"]

1. d4 Nf6 2. Nf3 c6 3. c4 d5 4. Nc3 dxc4 5. e4 Bg4 6. Bxc4 e6 7. Be3 Bb4 8. Qc2 O-O 9. Ne5 Bh5 10. O-O Ng4 11.
Nxg4 Bxg4 12. f3 Bh5 13. Rad1 Nd7 14. Qf2 b5 15. Bb3 Nb6 16. Kh1 a5 17. Bc2 Nc4 18. Bc1 Qb6 19. Ne2 Bg6 20. Nf4 Rfd8 21. h4 e5 22. Nxg6 hxg6 23. b3 Na3 24. Bxa3 Bxa3 25. dxe5 Qxf2 26. Rxd8+ Rxd8 27. Rxf2 Bb2 28. f4 c5 29. g3 c4 30. bxc4 bxc4 31. Kg2 Bc3 32. Kf3 Rb8 33. Ba4 Rb4 34. Bc6 a4 35. Bd5 a3 36. Rc2 Bb2 37. Bxc4 Rb7 38. Bd5 Re7 39.
g4 Kh7 40. g5 Ra7 41. Kg4 Re7 42.
Rc8 Ra7 43. Rf8 Re7 44. Bxf7 1-0

[Event "*** SCC Grand Prix: Titled Tuesday Blitz"]
[Site "Chess.com"]
[Date "2020.07.07"]
[Round "8"]
[White "S-Fazulyanov"]
[Black "coalescenet"]
[Result "0-1"]
[WhiteElo "2530"]
[BlackElo "2418"]
[TimeControl "180+1"]
[EndTime "11:35:47 PDT"]
[Termination "coalescenet won by resignation"]

1. e4 c6 2. d4 d5 3. Nc3 dxe4 4. Nxe4 Bf5 5. Nc5 b6 6. Nb3 e6 7. Nf3 Nf6 8. g3 a5 9. a4 Bb4+ 10. c3 Bd6 11. Bg2 O-O 12. O-O Qc7 13. Qe2 Rd8 14. Re1 Nbd7 15. Ne5 Bxe5 16. dxe5 Nd5 17. Bg5 Re8 18.
Rad1 Nf8 19. Nd4 Bg6 20. Bd2 Rad8 21. c4 Nb4 22. Bxb4 Rxd4 23. Rxd4 axb4 24. Red1 c5 25. Rd6 b3 26. R1d2 Qa7 27. Bc6 Rc8 28. Bb5 Bc2 29.
Qe3 Qb7 30. f3 h6 31. Kf2 Ng6 32. Rd7 Qa8 33. R2d6 h5 34. Qg5 h4 35. Rd8+ Nf8 36. Qxh4 Bg6 37. Qe7 Kh7 38. Qxf8 Bh5 39. Rxc8 Qxf3+ 40. Kg1 Qe3+ 41. Kg2 Bf3+ 0-1

[Event "*** SCC Grand Prix: Titled Tuesday Blitz"]
[Site "Chess.com"]
[Date "2020.07.07"]
[Round "8"]
[White "tigra"]
[Black "Fins0905"]
[Result "1-0"]
[WhiteElo "2798"]
[BlackElo "2627"]
[TimeControl "180+1"]
[EndTime "11:35:48 PDT"]
[Termination "tigra won by resignation"]

1. e4 c5 2. Nf3 d6 3. d4 cxd4 4. Nxd4 Nf6 5. Nc3 Nc6 6. Bg5 e6 7. Qd2 a6 8. O-O-O Bd7 9. f3 h6 10. Be3 b5 11. Kb1 Qc7 12. Nxc6 Bxc6 13. h4 Nd7 14. g4 Be7 15. Bh3 Ne5 16. Qf2 Nc4 17. Bc1 b4 18. Ne2 Rb8 19. g5 Ba4 20. b3 Na3+ 21. Bxa3 bxa3 22. Qd4 Bb5 23. Qxg7 Bxe2 24.
Qxh8+ Kd7 25. Qg7 Bxd1 26. Rxd1 hxg5 27. hxg5 Rg8 28. Qxf7 Qc3 29. Qxe6+ Kc6 30. Qd7+ Kb6 31. Rxd6+ Bxd6 32. Qxd6+ Kb7 33. Qe7+ Kb6 34. Qxa3 Rd8 35.
Qc1 Rd2 36. Bf1 Rf2 37. g6 Ka7 38. g7 Rxf1 39. Qxf1 Qxg7 40. f4 Kb7 41. f5 Qe5 42.
f6 1-0

[Event "*** SCC Grand Prix: Titled Tuesday Blitz"]
[Site "Chess.com"]
[Date "2020.07.07"]
[Round "8"]
[White "SharapovEvgeny"]
[Black "csati17"]
[Result "1/2-1/2"]
[WhiteElo "2443"]
[BlackElo "2647"]
[TimeControl "180+1"]
[EndTime "11:35:48 PDT"]
[Termination "Game drawn by agreement"]

1. e4 e6 2. d4 d5 3. exd5 exd5 4. Nf3 Nc6 5. Bd3 Bd6 6. O-O Nge7 7. c3 O-O 8. h3 Bf5 9. Re1 f6 10. Qc2 Qd7 11.
Nbd2 Rae8 12. Nf1 Bxd3 13. Qxd3 Qf5 14. Qxf5 Nxf5 15. Ne3 Nxe3 16. Rxe3 Kf7 17. Bd2 Rxe3 18. Bxe3 Re8 19. Re1 b5 20. Kf1 a5 21. Bd2 Rxe1+ 22. Kxe1 a4 23. Ke2 Ke6 24. Kd3 Na5 25. Bc1 c5 26.
dxc5 Bxc5 27. Nd4+ Bxd4 28. Kxd4 Kd6 29. Bf4+ Kc6 30. g4 Nc4 31. b3 Na5 32. bxa4 bxa4 33. h4 Nc4 34. h5 g6 35. hxg6 hxg6 36. f3 Na3 37. Kd3 Nc4 38. Kd4 Nb6 39. g5 fxg5 40. Bxg5 Nd7 41. Be7 Nb6 42. Ke5 Nc4+ 43. Kf6 Nd2 44.
f4 Ne4+ 45. Kxg6 Nxc3 46. f5 Ne4 47. f6 Nxf6 48. Kxf6 Kb7 49. Ke5 Ka8 50. Kxd5 Kb8 1/2-1/2